 Dungeon Crawl Stone Soup version 0.24-b1-44-g37ad8b309f (webtiles) character file.

Game seed: 4107644842393943998, levelgen mode: deterministic

79527 Ponchio the Fighter (level 15, -4/98 HPs)
             Began as a Gargoyle Fighter on Oct 24, 2019.
             Was the Champion of the Shining One.
             Killed by divine providence
             ... invoked by an orc high priest
              (11 damage)
             ... on level 1 of the Orcish Mines.
             The game lasted 01:59:04 (24980 turns).

Ponchio the Fighter (Gargoyle Fighter)             Turns: 24980, Time: 01:59:04

Health: -4/98      AC: 32    Str: 31      XL:     15   Next: 63%
Magic:  24/24      EV: 18    Int:  9 (11) God:    the Shining One [******]
Gold:   1984       SH: 22    Dex: 14      Spells: 14/14 levels left

rFire    + . .     SeeInvis .   J - +2 mace (protect)
rCold    + + .     Gourm    .   c - +2 shield
rNeg     + + +     Faith    .   d - +1 leather armour of Vexation {Str+10}
rPois    ∞         Spirit   .   O - +2 hat
rElec    +         Reflect  +   A - scarf {rC+ rF+}
rCorr    .         Harm     .   g - +0 pair of gloves
MR       +....                  y - +2 pair of boots
Stlth    +.........             q - +3 amulet of reflection
HPRegen  0.26/turn              m - +2 ring of strength
MPRegen  0.19/turn              Q - ring of protection from cold

@: protection aura, flying, glowing
A: big wings, horns 1, iridescent scales 1, large bone plates 1, deterioration
1, negative energy resistance 1, electricity resistance, unbreathing,
petrification resistance, rot immunity, AC +11
a: Stop Flying, Divine Shield, Cleansing Flame, Summon Divine Warrior, Brand
Weapon With Holy Wrath, Renounce Religion


You were on level 1 of the Orcish Mines.
You worshipped the Shining One.
The Shining One was exalted by your worship.
You were hungry.

You visited 4 branches of the dungeon, and saw 21 of its levels.
You also visited: Gauntlet and Ice Cave.

You collected 2287 gold pieces.
You spent 303 gold pieces at shops.

Inventory:

Hand Weapons
 F - a +1 flail of holy wrath
 J - a +2 mace of protection (weapon)
Armour
 c - a +2 shield (worn)
 d - the +1 leather armour of Vexation (worn) {Str+10}
   (You found it on level 6 of the Lair of Beasts)

   It affects your strength (+10).
 g - a +0 pair of gloves (worn)
 r - a +0 ring mail
 u - a +0 leather armour of cold resistance
 y - a +2 pair of boots (worn)
 A - a scarf of resistance (worn)
 O - a +2 hat (worn)
 Y - the +0 plate armour "Cothrafi" {rF+ Regen+ Int+3}
   (You found it in a Gauntlet)

   It affects your intelligence (+3).
   It protects you from fire.
   It increases your rate of regeneration.
Jewellery
 e - an uncursed ring of teleportation
 m - a +2 ring of strength (left hand)
 q - a +3 amulet of reflection (around neck)
 s - an uncursed ring of stealth
 x - an uncursed amulet of regeneration {unknown}
 D - a +2 ring of protection
 K - an uncursed amulet of rage
 L - an uncursed ring of ice
 P - an uncursed ring of fire
 Q - a ring of protection from cold (right hand)
 R - an uncursed ring of see invisible
 X - the ring of Ru's Benevolence {Fire rPois Str+2 Int+2}
   (You found it in a Gauntlet)

   [ring of fire]

   It enhances your fire magic.
   It affects your strength (+2).
   It affects your intelligence (+2).
   It protects you from fire.
   It makes you vulnerable to cold.
   It protects you from poison.
Wands
 l - a wand of paralysis (8)
 B - a wand of disintegration (5)
 E - a wand of flame (56)
 Z - a wand of digging (1)
Scrolls
 j - 11 scrolls of remove curse
 p - a scroll of fear
 t - 7 scrolls of blinking
 v - a scroll of holy word
 w - 3 scrolls of enchant armour
 C - 3 scrolls of enchant weapon
 G - 2 scrolls of fog
 H - 11 scrolls of teleportation
 I - a scroll of magic mapping
 S - 10 scrolls of identify
 T - 2 scrolls of immolation
Potions
 a - 2 potions of haste
 b - a potion of curing
 h - 5 potions of flight
 i - 2 potions of resistance
 k - 3 potions of heal wounds
 n - 2 potions of magic
 o - a potion of cancellation
 z - a potion of berserk rage
 M - a potion of agility
 N - 3 potions of ambrosia
Comestibles
 f - 29 rations


   Skills:
 + Level 13.1 Fighting
 + Level 11.9 Maces & Flails
 + Level 10.5 Armour
 + Level 11.1 Dodging
 + Level 10.5 Shields
 + Level 12.3 Invocations


You had 14 spell levels left.
You didn't know any spells.
Your spell library contained the following spells:

 Spells                   Type           Power        Failure   Level  Hunger
 Animate Skeleton         Necr           N/A          61%         1    ##.....
 Apportation              Tloc           #.....       61%         1    ##.....
 Confusing Touch          Hex            #.....       61%         1    ##.....
 Flame Tongue             Conj/Fire      #....        61%         1    ##.....
 Freeze                   Ice            #...         61%         1    ##.....
 Magic Dart               Conj           #...         61%         1    ##.....
 Summon Butterflies       Summ           #.......     61%         1    ##.....
 Summon Small Mammal      Summ           #...         61%         1    ##.....
 Call Imp                 Summ           #.......     75%         2    ###....
 Searing Ray              Conj           #.....       75%         2    ###....
 Throw Flame              Conj/Fire      #.....       75%         2    ###....
 Throw Frost              Conj/Ice       #.....       75%         2    ###....
 Call Canine Familiar     Summ           #.......     93%         3    ####...
 Confuse                  Hex            #.......     93%         3    ####...
 Conjure Flame            Conj/Fire      #.......     93%         3    ####...
 Dazzling Spray           Conj/Hex       #.....       93%         3    ####...
 Gell's Gravitas          Tloc           #.........   93%         3    ####...
 Ignite Poison            Fire/Tmut/Pois #.......     93%         3    ####...
 Inner Flame              Hex/Fire       #.......     93%         3    ####...
 Ozocubu's Armour         Chrm/Ice       #.......     93%         3    ####...
 Summon Guardian Golem    Hex/Summ       #.......     93%         3    ####...
 Force Lance              Conj/Tloc      #.......     100%        4    #####..
 Fulminant Prism          Conj/Hex       #.........   100%        4    #####..
 Iskenderun's Mystic Bla  Conj           #.......     100%        4    #####..
 Petrify                  Tmut/Erth      #.......     100%        4    #####..
 Sticky Flame             Conj/Fire      #.......     100%        4    #####..
 Summon Ice Beast         Ice/Summ       #.......     100%        4    #####..
 Summon Lightning Spire   Summ/Air       #.......     100%        4    #####..
 Throw Icicle             Conj/Ice       #.......     100%        4    #####..
 Borgnjor's Vile Clutch   Necr/Erth      #.........   100%        5    ######.
 Fireball                 Conj/Fire      #.........   100%        5    ######.
 Lee's Rapid Deconstruct  Erth           #.........   100%        5    ######.
 Metabolic Englaciation   Hex/Ice        #.........   100%        5    ######.
 Summon Mana Viper        Hex/Summ       #.......     100%        5    ######.
 Yara's Violent Unravell  Hex/Tmut       #.........   100%        5    ######.
 Iron Shot                Conj/Erth      #.........   100%        6    #######
 Summon Hydra             Summ           #.........   100%        7    #######


Dungeon Overview and Level Annotations

Branches:
Dungeon (12/15)            Temple (1/1) D:4            Lair (6/6) D:11
 Shoals (0/4) Lair:2       Spider (0/4) Lair:2        Slime (0/5) Lair:5
    Orc (2/2) D:12            Elf (0/3) Orc:2         IceCv (visited)
Gauntlet (visited)

Altars:
Ashenzari
Cheibriados
Dithmenos
Elyvilon
Fedhas
Gozag
Hepliaklqana
Kikubaaqudgha
Makhleb
Nemelex Xobeh
Okawaru
Qazlal
Ru
Sif Muna
Trog
Uskayaw
Vehumet
Wu Jian
Xom
Yredelemnul
Zin
The Shining One
Jiyva

Shops:
D:4 (   D:6 !   D:7 ?   Orc:2 (

Annotations:
Lair:1 exclusion: oklob plant
Lair:6 exclusion: oklob plant


Innate Abilities, Weirdness & Mutations

You are resistant to torment.
Your stone body is resilient. (AC +11)
You are immune to poison.
Your large and strong wings let you fly indefinitely.
You resist negative energy. (rN+)
You are resistant to electric shocks. (rElec)
You can survive without breathing.
You are immune to petrification.
You are immune to rotting.
You have a pair of small horns on your head.
You are partially covered in iridescent scales. (AC +2)
You are partially covered in large bone plates. (SH +4)
Your body sometimes deteriorates upon taking damage.


Message History

* * * LOW HITPOINT WARNING * * *
You are engulfed in flames!
You resist.
* * * LOW HITPOINT WARNING * * *
You barely miss the orc high priest.
Your headbutt misses the orc high priest.
The orc high priest is almost dead.
You block the sun demon's attack. The chaos spawn misses you.
The orc high priest completely misses you.
The sun demon closely misses you.
You hit the orc high priest.
You headbutt the orc high priest, but do no damage.
The orc high priest is almost dead.
You block the sun demon's attack. You block the chaos spawn's attack.
The sun demon hits you but does no damage.
You hit the orc high priest.
The orc high priest is almost dead.
You block the sun demon's attack.
The orc high priest calls down the wrath of Beogh upon you.
Beogh smites you!
You die...

)..# ##.#.<..).....)......# [..#
#......[[........#....
..##########.[.#.#.......#.##...#
.............[######....#######..
.....######....###........###...#
.##### #.....###...#....#...##
..# ##.....#....#........# ###
##..[33o...#........# .#
##.)@o#..####......# ## ####4####
#....### # #..# ##...# #### ##.##
###


You could see an orc high priest, 2 sun demons, a chaos spawn and an orc wizard
(invisible).

Vanquished Creatures
  3 dire elephants (Lair:6)
  A blizzard demon (Gauntlet)
  Erolcha (D:11)
  Harold (Lair:1)
  5 hydras
  2 ice dragons
  Fannar (D:11)
  2 catoblepae (Lair:4)
  2 two-headed ogres
  A centaur warrior (D:12)
  6 death yaks
  An anaconda (Lair:6)
  2 orc high priests (Orc:1)
  Nergalle (D:12)
  Sonja (Lair:1)
  A fire crab (Lair:6)
  2 sixfirhies (Gauntlet)
  5 lindwurms
  Pikel (D:6)
  An orb spider (Lair:2)
  2 orc knights (Orc:1)
  4 orc sorcerers
  An ugly thing (D:11)
  2 black mambas
  11 elephants
  2 ice statues (IceCv)
  A centaur zombie (D:11)
  Maurice (D:11)
  3 centaur skeletons
  8 spiny frogs
  4 komodo dragons
  5 rime drakes
  2 trolls
  5 polar bears
  A hornet (D:11)
  5 dream sheep (Lair:5)
  A slime creature (D:8)
  4 blink frogs
  7 hippogriffs
  Sigmund (D:3)
  50 yaks
  A spriggan (D:7)
  A vampire (D:12)
  A wyvern (Lair:4)
  2 hungry ghosts
  2 basilisks (Lair:4)
  A steam dragon (Lair:4)
  Edmund (D:6)
  3 wargs
  Duvessa (D:6)
  12 porcupines
  12 water moccasins
  26 orc warriors
  16 ice beasts
  A slave (D:6)
  3 phantoms
  3 sky beasts
  2 black bears
  6 wolves
  12 ogres
  11 centaurs
  10 crocodiles
  A big kobold (D:8)
  15 bullfrogs
  Blork the orc (D:6)
  A water moccasin zombie (D:8)
  Dowan (D:6)
  2 scorpions
  4 killer bees (D:7)
  17 wights
  5 howler monkeys
  7 crimson imps
  A bullfrog zombie (D:10)
  8 jellies
  2 quasits
  16 orc priests
  2 bullfrog skeletons
  5 hounds
  5 iguanas
  21 orc wizards
  Jessica (D:3)
  A gnoll shaman (Orc:1)
  11 worker ants
  A killer bee zombie (D:6)
  A hound skeleton (D:11)
  3 worker ant zombies
  A howler monkey zombie (D:6)
  7 gnolls
  15 adders
  3 shadow imps
  13 oozes
  An adder zombie (D:8)
  3 adder skeletons
  2 worms
  3 dart slugs
  3 leopard geckos
  87 orcs
  4 ball pythons
  4 giant cockroaches
  11 goblins
  15 hobgoblins
  7 jackals
  12 kobolds
  4 quokkas
  10 bats
  4 frilled lizards
  2 gnoll zombies (D:3)
  A quokka zombie (D:7)
  11 rats
  4 plants (Lair:6)
646 creatures vanquished.

Vanquished Creatures (collateral kills)
  A minotaur (Gauntlet)
  An ice dragon (IceCv)
2 creatures vanquished.

Vanquished Creatures (others)
  An ogre (D:6)
  2 centaurs
  10 fungi
  30 plants
43 creatures vanquished.

Grand Total: 691 creatures vanquished

Notes
Turn   | Place    | Note
-------+----------+-------------------------------------------
     0 | D:1      | Ponchio the Gargoyle Fighter began the quest for the Orb.
     0 | D:1      | Reached XP level 1. HP: 14/14 MP: 1/1
   117 | D:1      | Reached XP level 2. HP: 19/19 MP: 2/2
   170 | D:1      | Found a shattered altar of Ashenzari.
   465 | D:1      | Reached skill level 4 in Fighting
   465 | D:1      | Reached XP level 3. HP: 24/24 MP: 3/3
   708 | D:2      | Reached XP level 4. HP: 18/30 MP: 4/4
  1075 | D:2      | Found a faded altar of an unknown god.
  1255 | D:2      | You fall into a shaft and drop 2 floors!
  1339 | D:3      | Noticed Sigmund
  1721 | D:3      | Killed Sigmund
  1721 | D:3      | Reached skill level 5 in Fighting
  1721 | D:3      | Reached XP level 5. HP: 27/36 MP: 5/5
  1721 | D:3      | Reached XP level 6. HP: 31/41 MP: 6/6
  2176 | D:3      | Noticed Jessica
  2183 | D:3      | Killed Jessica
  2257 | D:3      | Found a basalt altar of Yredelemnul.
  2317 | D:4      | Reached skill level 6 in Fighting
  2343 | D:4      | Reached skill level 5 in Maces & Flails
  2682 | D:4      | Reached XP level 7. HP: 23/47 MP: 7/7
  2844 | D:4      | Found Hioloj's Weapon Shop.
  2929 | D:4      | Got a polished leather armour
  2950 | D:4      | Identified the +2 leather armour of Kleptomania {rElec}
                  | (You found it on level 4 of the Dungeon)
  3026 | D:4      | Found a staircase to the Ecumenical Temple.
  3072 | D:4      | Got an ancient rapier
  3073 | D:4      | Identified the cursed +3 rapier "Vayklel" {pierce, *Noise
                  | rElec rPois Int+6} (You found it on level 4 of the Dungeon)
  3089 | Temple   | Entered the Ecumenical Temple
  3369 | Temple   | Became a worshipper of the Shining One
  3460 | D:4      | Reached skill level 7 in Fighting
  4030 | D:4      | Found a glowing silver altar of Zin.
  4064 | D:5      | Entered Level 5 of the Dungeon
  4072 | D:5      | Reached XP level 8. HP: 49/53 MP: 8/8
  4492 | D:5      | Reached skill level 1 in Dodging
  4647 | D:5      | Found an ornate altar of the Wu Jian Council.
  4664 | D:5      | Found a hide-covered altar of Uskayaw.
  4800 | D:5      | Found a sacrificial altar of Ru.
  5137 | D:6      | Found Soif's Distillery.
  5145 | D:6      | Bought a potion of heal wounds for 60 gold pieces
  5145 | D:6      | Bought a potion of curing for 36 gold pieces
  5145 | D:6      | Bought a potion of heal wounds for 60 gold pieces
  5154 | D:6      | Found a blossoming altar of Fedhas.
  5156 | D:6      | Found a stormy altar of Qazlal.
  5174 | D:6      | Found a bloodstained altar of Trog.
  5277 | D:6      | Reached * piety under the Shining One
  5280 | D:6      | Reached skill level 5 in Armour
  5280 | D:6      | Reached skill level 5 in Shields
  5355 | D:6      | Noticed Dowan
  5357 | D:6      | Noticed Duvessa
  5367 | D:6      | Killed Dowan
  5376 | D:6      | Killed Duvessa
  5376 | D:6      | Reached XP level 9. HP: 22/57 MP: 9/9
  5607 | D:6      | Noticed Blork the orc
  5614 | D:6      | Killed Blork the orc
  5647 | D:6      | Noticed Edmund
  5657 | D:6      | Killed Edmund
  5854 | D:6      | Noticed Pikel
  5874 | D:6      | Killed Pikel
  6547 | D:7      | Reached ** piety under the Shining One
  7007 | D:7      | HP: 2/57 [killer bee (3)]
  7035 | D:7      | Reached XP level 10. HP: 35/63 MP: 10/10
  7130 | D:7      | Found Vehujil's Magic Scroll Boutique.
  7477 | D:6      | Reached skill level 5 in Dodging
  7587 | D:7      | Reached skill level 1 in Invocations
  7798 | D:7      | Bought a scroll of teleportation for 42 gold pieces
  7798 | D:7      | Bought a scroll of identify for 28 gold pieces
  7798 | D:7      | Bought a scroll of identify for 28 gold pieces
  7798 | D:7      | Bought a scroll of magic mapping for 49 gold pieces
  7804 | D:7      | Gained mutation: You are resistant to hostile enchantments.
                  | (MR+) [potion of mutation]
  7804 | D:7      | Lost mutation: You are resistant to hostile enchantments.
                  | (MR+) [potion of mutation]
  7804 | D:7      | Gained mutation: You are frail. (-10% HP) [potion of
                  | mutation]
  7804 | D:7      | Gained mutation: You are agile. (Dex +2) [potion of
                  | mutation]
  7805 | D:7      | Lost mutation: You are agile. (Dex +2) [potion of mutation]
  7805 | D:7      | Lost mutation: You are frail. (-10% HP) [potion of
                  | mutation]
  7805 | D:7      | Gained mutation: You have a pair of small horns on your
                  | head. [potion of mutation]
  7805 | D:7      | Gained mutation: You are partially covered in large bone
                  | plates. (SH +4) [potion of mutation]
  7805 | D:7      | Gained mutation: Your body sometimes deteriorates upon
                  | taking damage. [potion of mutation]
  7805 | D:7      | Gained mutation: You are partially covered in iridescent
                  | scales. (AC +2) [potion of mutation]
  8096 | D:8      | Found a shattered altar of Ashenzari.
  8101 | D:8      | Found a shadowy altar of Dithmenos.
  8191 | D:8      | Reached skill level 8 in Fighting
  8334 | D:8      | Reached *** piety under the Shining One
  8879 | D:8      | Found a shimmering altar of Xom.
  8879 | D:8      | Found a burning altar of Makhleb.
  9691 | D:9      | Found a hazy altar of Hepliaklqana.
  9738 | D:9      | Reached **** piety under the Shining One
 10258 | D:10     | Entered Level 10 of the Dungeon
 10506 | D:10     | Reached skill level 9 in Fighting
 10506 | D:10     | Reached XP level 11. HP: 66/71 MP: 14/14
 11159 | D:10     | Reached skill level 5 in Invocations
 11377 | D:11     | Noticed Fannar
 11416 | D:11     | Killed Fannar
 11511 | D:11     | Noticed a brown ugly thing
 11525 | D:11     | Killed a brown ugly thing
 11799 | D:11     | Noticed Maurice
 11799 | D:11     | Noticed a four-headed hydra
 11818 | D:10     | Killed a four-headed hydra
 11834 | D:11     | Killed Maurice
 11910 | D:11     | Found a staircase to the Lair.
 11937 | D:11     | Got a polished dagger
 11938 | D:11     | Identified the +8 dagger "Yfuimeh" {pain, +Fly rC+} (You
                  | found it on level 11 of the Dungeon)
 12030 | D:11     | Reached skill level 10 in Fighting
 12208 | D:11     | Noticed Erolcha
 12225 | D:11     | Killed Erolcha
 12468 | D:11     | Noticed a two-headed ogre
 12480 | D:11     | Killed a two-headed ogre
 12556 | Lair:1   | Entered Level 1 of the Lair of Beasts
 12610 | Lair:1   | Reached XP level 12. HP: 78/78 MP: 17/17
 12749 | Lair:1   | Noticed Sonja
 12749 | Lair:1   | Reached ***** piety under the Shining One
 12758 | Lair:1   | Killed Sonja
 12770 | Lair:1   | Noticed Harold
 12790 | Lair:1   | Killed Harold
 12799 | Lair:1   | Found an opulent altar of Gozag.
 13427 | Lair:2   | Found a gate leading to a gauntlet.
 13443 | Gauntlet | Entered a Gauntlet
 13443 | Gauntlet | Found a transporter.
 13451 | Gauntlet | Found a runed translucent door.
 13452 | Gauntlet | Found a transporter.
 13454 | Gauntlet | Noticed a great orb of eyes
 13455 | Gauntlet | Found a transporter.
 13457 | Gauntlet | Noticed a blizzard demon
 13459 | Gauntlet | Found a transporter.
 13460 | Gauntlet | Found a transporter.
 13462 | Gauntlet | Found a transporter.
 13474 | Gauntlet | Found a transporter.
 13504 | Gauntlet | Noticed a catoblepas
 13507 | Gauntlet | Found a transporter.
 13507 | Gauntlet | Found a transporter.
 13511 | Gauntlet | Found a transporter.
 13534 | Gauntlet | Found a runed translucent door.
 13535 | Gauntlet | Found the +3 hat of Pondering {ponderous, MR+ MP+10 Int+5}
 13568 | Gauntlet | Found a transporter.
 13569 | Gauntlet | Noticed a ghost crab
 13607 | Gauntlet | Found a transporter.
 13708 | Gauntlet | Killed a blizzard demon
 13745 | Gauntlet | Got a steaming tin ring
 13746 | Gauntlet | Identified the ring of Otistrax {rPois rCorr Str-5 Stlth+}
                  | (You found it in a Gauntlet)
 13756 | Gauntlet | Reached skill level 10 in Invocations
 13756 | Gauntlet | Reached XP level 13. HP: 51/84 MP: 17/20
 13939 | Gauntlet | Reached skill level 11 in Fighting
 13941 | Gauntlet | Got a twitching platinum ring
 13943 | Gauntlet | Identified the ring of Ru's Benevolence {Fire rPois Str+2
                  | Int+2} (You found it in a Gauntlet)
 13946 | Gauntlet | Got an ancient plate armour
 13962 | Gauntlet | Identified the cursed +0 plate armour "Cothrafi" {rF+
                  | Regen+ Int+3} (You found it in a Gauntlet)
 13981 | Gauntlet | Identified the cursed +1 plate armour "Lioxzim" {rElec
                  | Str+4}
 13981 | Gauntlet | Noticed a minotaur
 14051 | Gauntlet | Killed a minotaur
 14051 | Gauntlet | Reached skill level 10 in Maces & Flails
 15004 | Lair:2   | Found a staircase to the Shoals.
 15327 | Lair:2   | Found a hole to the Spider Nest.
 16384 | Lair:3   | Gained mutation: Your large and strong wings let you fly
                  | indefinitely. [Gargoyle growth]
 16384 | Lair:3   | Reached XP level 14. HP: 87/90 MP: 21/21
 16447 | Lair:4   | Reached skill level 10 in Dodging
 17753 | Lair:5   | Reached skill level 12 in Fighting
 17804 | Lair:5   | Found a staircase to the Slime Pits.
 17849 | Lair:5   | Found a viscous altar of Jiyva.
 18225 | Lair:5   | Identified Sif Muna's Collected Works on Earthen Ignition
 18343 | Lair:6   | Entered Level 6 of the Lair of Beasts
 19863 | Lair:6   | Noticed a dire elephant
 19895 | Lair:6   | Killed a dire elephant
 19997 | Lair:6   | Noticed a dire elephant
 19997 | Lair:6   | Noticed a dire elephant
 20030 | Lair:6   | Killed a dire elephant
 20030 | Lair:6   | Reached XP level 15. HP: 94/97 MP: 23/23
 20102 | Lair:6   | Got a brightly glowing leather armour
 20113 | Lair:6   | Identified the +1 leather armour of Vexation {Str+10} (You
                  | found it on level 6 of the Lair of Beasts)
 20548 | D:12     | Found a staircase to the Orcish Mines.
 20558 | D:12     | Noticed Nergalle
 20592 | D:12     | Killed Nergalle
 20732 | D:12     | Reached skill level 10 in Armour
 20738 | D:12     | Reached skill level 10 in Shields
 21013 | D:12     | Reached ****** piety under the Shining One
 21270 | D:12     | Identified the +4 long sword "Asuxacat" {chaos, *Slow rPois
                  | Int+5}
 21662 | Orc:1    | Entered Level 1 of the Orcish Mines
 21747 | Orc:1    | Found a frozen archway.
 21828 | IceCv    | Entered an ice cave
 23105 | Orc:2    | Entered Level 2 of the Orcish Mines
 23105 | Orc:2    | Found Heutep's Weapon Boutique.
 23154 | Orc:2    | Reached skill level 13 in Fighting
 23449 | Orc:2    | Noticed an orc warlord
 23798 | Orc:2    | Found a staircase to the Elven Halls.
 24980 | Orc:1    | Killed from afar by an orc high priest

Skill      XL: |  1  2  3  4  5  6  7  8  9 10 11 12 13 14 15 |
---------------+----------------------------------------------+-----
Fighting       | 4 5 6 7 9 10 11 12 13 | 13.1
Maces & Flails | 3 4 5 6 7 9 10 11 | 11.9
Dodging        | 3 4 6 7 9 10 11 | 11.1
Armour         | 5 7 8 9 10 | 10.5
Shields        | 5 7 8 9 10 | 10.5
Invocations    | 4 7 10 11 12 | 12.3

Action                   |  1- 3 |  4- 6 |  7- 9 | 10-12 | 13-15 || total
-------------------------+-------+-------+-------+-------+-------++-------
Melee: Flail             |    94 |   198 |   347 |    17 |       ||   656
       Mace              |       |       |    12 |   786 |  2183 ||  2981
       Headbutt          |       |       |       |   166 |   655 ||   821
Invok: Summon Divine War |       |       |       |       |     2 ||     2
       Cleansing Flame   |       |       |       |       |     1 ||     1
 Abil: Fly               |       |       |       |       |     1 ||     1
Evoke: Wand              |       |       |       |     1 |     3 ||     4
  Use: Scroll            |       |     6 |     1 |    15 |     6 ||    28
       Potion            |       |       |     6 |     4 |    12 ||    22
  Eat: Chunk             |       |     5 |    15 |    15 |    30 ||    65
       Ration            |       |       |       |     3 |     3 ||     6
Armor: Scale mail        |    71 |     9 |       |       |       ||    80
       Ring mail         |       |    92 |   159 |   221 |    37 ||   509
       Leather armour    |       |       |       |    14 |   167 ||   181
       Plate armour      |       |       |       |       |   738 ||   738
Dodge: Dodged            |    52 |   105 |   138 |   190 |   764 ||  1249
Block: Shield            |    62 |   123 |   212 |   706 |  2437 ||  3540
       Reflection        |       |       |       |    19 |    40 ||    59
